 Dungeon Crawl Stone Soup version 0.29-a0-819-g94b489e0ae (webtiles) character file.

Game seed: 1614206000014213177

76 gobodom the Caller (level 4, -1/24 HPs)
             Began as a Tengu Summoner on July 7, 2022.
             Killed from afar by Sigmund (4 damage)
             ... with a puff of flame
             ... on level 2 of the Dungeon.
             The game lasted 00:07:27 (1882 turns).

gobodom the Caller (Tengu Summoner)                 Turns: 1882, Time: 00:07:28

Health: -1/24      AC:  2    Str:  9    XL:     4   Next: 32%
Magic:  3/9        EV: 12    Int: 17    God:
Gold:   33         SH:  0    Dex: 14    Spells: 2/8 levels left

rFire   + . .      SeeInvis .   h - +2 dagger (flame)
rCold   . . .      Faith    .   (no shield)
rNeg    . . .      Spirit   .   a - +0 robe
rPois   .          Reflect  .   (helmet restricted)
rElec   .          Harm     .   (no cloak)
rCorr   .          Rampage  .   (no gloves)
Will    .....                   (boots unavailable)
Stlth   ++........              (no amulet)
HPRegen 0.08/turn               m - ring of protection from fire
MPRegen 0.11/turn               (no ring)

@: no status effects
A: beak, talons 3
a: no special abilities


You were on level 2 of the Dungeon.
You visited 1 branch of the dungeon, and saw 2 of its levels.

You collected 33 gold pieces.

Inventory:

Hand Weapons
 h - a +2 dagger of flaming (weapon)
Armour
 a - a +0 robe (worn)
Magical Staves
 g - a staff of earth
Jewellery
 m - a ring of protection from fire (left hand)
Scrolls
 e - a scroll of magic mapping {unknown}
 f - a scroll of fear {unknown}
 j - a scroll of enchant weapon {unknown}
 k - a scroll of fog {unknown}
 l - a scroll of teleportation {unknown}
 n - a scroll of identify {unknown}
 p - a scroll of vulnerability {unknown}
Potions
 b - a potion of magic
 c - a potion of cancellation {unknown}
 d - a potion of haste {unknown}
 i - a potion of brilliance {unknown}
 o - a potion of might {unknown}


   Skills:
 + Level 0.2 Short Blades
 + Level 2.4 Dodging
 + Level 2.4 Stealth
 + Level 2.9 Spellcasting
 + Level 5.6 Summonings
 + Level 0.8 Evocations


You had 2 spell levels left.
You knew the following spells:

 Your Spells              Type           Power      Damage    Failure   Level
a - Summon Small Mammal   Summ           84%        N/A       1%          1
b - Call Imp              Summ           21%        N/A       2%          2
c - Call Canine Familiar  Summ           21%        N/A       5%          3

Your spell library contained the following spells:

 Spells                   Type           Power      Damage    Failure   Level
 Summon Guardian Golem    Hex/Summ       12%        N/A       17%         3
 Summon Lightning Spire   Summ/Air       12%        N/A       50%         4


Dungeon Overview and Level Annotations

Branches:
Dungeon (2/15)

Altars:

Annotations:
D:2 1 runed translucent door, Crazy Yiuf, Sigmund


Innate Abilities, Weirdness & Mutations

You have a beak for a mouth.
You have claws for feet.


Message History

Your crimson imp hits the endoplasm.
Your hound barely misses something.
Your quokka barely misses something.
The endoplasm freezes your crimson imp.
Your crimson imp is frozen.
Your crimson imp is frozen!
Your hound barely misses something.
Your quokka misses something.
Your crimson imp hits the endoplasm.
The endoplasm dies!
Your hound barely misses something.
You hear some strange, mumbled words.
Your crimson imp appears confused.
Your hound bites something.
Your crimson imp closely misses your quokka.
You see here an emerald potion.
You hit the worm. You burn the worm.
The worm is heavily wounded.
The worm misses you.
Casting: Summon Small Mammal (safe; 1% risk of failure)
Confirm with . or Enter, or press ? or * to list all spells.
A beastly little devil appears in a puff of frigid air.
You hit the worm. You burn the worm. You claw the worm. You peck the worm.
You kill the worm!
You see here an emerald potion.
You see here 11 gold pieces.
Found 2 gold pieces.
A puff of flame appears from out of thin air!
The puff of flame hits your white imp!!
Your white imp is burned terribly!
Your white imp dies!
Your white imp disappears in a puff of smoke!
You start resting.
Something hits your quokka!
Your quokka dies!
Your quokka's corpse disappears in a puff of smoke!
You start resting.
You hear a shout!
Something hits you!
* * * LOW HITPOINT WARNING * * *
A puff of flame appears from out of thin air!
The puff of flame hits you. You resist.
You die...

.. #.# ...
..##.###.#
#.#......#
#.#.....##
#.#{#....#
##.....# .#
##...##.##.##
#..).##.$...##
##..@.).!##..#
##..†##.##..###
###.##........
#....###.###
#....# #.######
#.#..###.#.....
#..........######
###>?..†........#
#.####.######..


There were no monsters in sight!

Vanquished Creatures
  A worm (D:2)
  A dart slug (D:2)
  2 endoplasms (D:2)
  A giant cockroach (D:1)
  2 goblins (D:2)
  A hobgoblin (D:1)
  2 quokkas
  2 ball pythons (D:2)
  2 bats
  3 frilled lizards
  2 kobolds
  3 rats
22 creatures vanquished.

Vanquished Creatures (collateral kills)
  Jessica (D:2)
  An adder (D:2)
  2 endoplasms
  3 goblins
  A hobgoblin (D:1)
  2 kobolds (D:1)
  2 ball pythons (D:2)
  A bat (D:1)
  3 frilled lizards
  A rat (D:1)
17 creatures vanquished.

Vanquished Creatures (others)
  A fungus (D:1)
1 creature vanquished.

Grand Total: 40 creatures vanquished

Notes
Turn   | Place    | Note
-------+----------+-------------------------------------------
     0 | D:1      | gobodom the Tengu Summoner began the quest for the Orb.
     0 | D:1      | Reached XP level 1. HP: 10/10 MP: 4/4
    91 | D:1      | Reached skill level 5 in Summonings
   438 | D:1      | Reached XP level 2. HP: 15/15 MP: 3/6
   441 | D:1      | Learned a level 2 spell: Call Imp
   643 | D:1      | Found a faded altar of an unknown god.
  1235 | D:2      | Reached XP level 3. HP: 16/19 MP: 4/7
  1239 | D:2      | Learned a level 3 spell: Call Canine Familiar
  1643 | D:2      | Found a runed translucent door.
  1644 | D:2      | Noticed Crazy Yiuf
  1836 | D:2      | Noticed Jessica
  1845 | D:2      | Noticed Sigmund
  1854 | D:2      | Killed Jessica
  1855 | D:2      | Reached XP level 4. HP: 10/24 MP: 3/9
  1882 | D:2      | Killed from afar by Sigmund

Illustrated notes

Levels and vault maps discovered:
D:1:      minmay_arrival_solitary_statue, layout_basic,
          shapermc_ecumenical_altar_ellora
D:2:      layout_loops_ring, basic_altar, minmay_tetromino_o4, uniq_jessica,
          uniq_sigmund, uniq_crazy_yiuf_cottage

Skill      XL: |  1 |
---------------+----+-----
Summonings     | 5 |  5.6
Short Blades   | |  0.2
Dodging        | |  2.4
Stealth        | |  2.4
Spellcasting   | |  2.9
Evocations     | |  0.8

Action                   |  1- 3 |  4- 6 || total
-------------------------+-------+-------++-------
Melee: Staff             |     8 |       ||     8
       Dagger            |    30 |     3 ||    33
       Peck              |     4 |     1 ||     5
       Kick              |     5 |     1 ||     6
 Cast: Summon Small Mamm |    49 |     1 ||    50
       Call Imp          |     6 |     1 ||     7
       Call Canine Famil |     1 |       ||     1
 Stab: Sleeping          |     2 |       ||     2
Armor: Robe              |    13 |       ||    13
Dodge: Dodged            |    21 |     1 ||    22

Table legend: (Time is in decaauts)
 A = Elapsed time spent in this place.
 B = Non-inter-level travel time spent in this place.
 C = Inter-level travel time spent in this place.
 D = Time resting spent in this place.
 E = Time spent auto-exploring this place.
 F = Levels seen in this place.
 G = Mean time per level.
                   A        B        C        D        E       F      G
               +--------+--------+--------+--------+--------+-----+--------+
         Total |   1881 |   1838 |     43 |    229 |   1295 |   2 |  940.5 |
       Dungeon |   1881 |   1838 |     43 |    229 |   1295 |   2 |  940.5 |
               +--------+--------+--------+--------+--------+-----+--------+

Top non-repeatable levels by time:
     D:1: 1201 daAuts
     D:2: 680 daAuts
